 Dungeon Crawl Stone Soup version 0.19.0-2-gae57169 (webtiles) character file.

300 Chiseanne the Charlatan (level 6, 0/42 HPs)
             Began as a High Elf Artificer on Nov 6, 2016.
             Slain by an ogre
             ... wielding a +0 giant club
              (25 damage)
             ... on level 4 of the Dungeon.
             The game lasted 00:13:36 (4886 turns).

Chiseanne the Charlatan (High Elf Artificer)        Turns: 4886, Time: 00:13:36

Health: 0/42       AC:  9    Str: 11    XL:     6   Next: 13%
Magic:  10/10      EV: 10    Int: 16    God:
Gold:   210        SH:  0    Dex: 17    Spells: 0 memorised, 5 levels left

rFire  . . .     SeeInvis +     a - +2 dagger (elec)
rCold  . . .     Gourm    .     u - +0 scale mail
rNeg   . . .     Faith    .     (no shield)
rPois  .         Spirit   .     x - +1 helmet
rElec  .         Reflect  .     (no cloak)
rCorr  .         Harm     .     v - +0 pair of gloves
MR     .....                    (no boots)
Stlth  +.........               (no amulet)
                                (no ring)
                                q - ring of see invisible

@: no status effects
A: no striking features
a: no special abilities


You were on level 4 of the Dungeon.
You were not hungry.

You visited 1 branch of the dungeon, and saw 4 of its levels.

You collected 210 gold pieces.

Inventory:

Hand Weapons
 a - a +2 dagger of electrocution (weapon)
 s - a +1 short sword of holy wrath
 F - a +0 rapier of draining
Missiles
 i - 7 needles of confusion
 k - 36 arrows
 m - 37 sling bullets
 n - 192 stones (quivered)
 w - 32 bolts
 B - 5 tomahawks
Armour
 u - a +0 scale mail (worn)
 v - a +0 pair of gloves (worn)
 x - a +1 helmet (worn)
 E - a +2 buckler
Jewellery
 q - a ring of see invisible (left hand)
 D - a +3 ring of strength {unknown}
Wands
 c - a wand of flame (8/48)
 d - a wand of enslavement (14/24)
 e - a wand of random effects (13/48)
 y - a wand of iceblast (11/15)
Scrolls
 g - a scroll of fear
 j - a scroll of recharging
Potions
 h - a potion of magic {unknown}
 o - a potion of lignification {unknown}
 p - a potion of curing {unknown}
 r - 3 potions of heal wounds {unknown}
 A - a potion of degeneration {unknown}
 C - a potion of resistance
Comestibles
 b - a beef jerky
 f - 5 bread rations
 l - 4 meat rations
 t - 3 fruits
 z - a chunk of flesh


   Skills:
 * Level 3.4 Fighting
 - Level 1.2 Short Blades
 * Level 2.6 Armour
 * Level 3.7 Dodging
 - Level 1.1 Stealth
 * Level 4.1 Evocations


You had 5 spell levels left.
You didn't know any spells.

Dungeon Overview and Level Annotations

Branches:
Dungeon (4/15)
 Temple: D:4-7

Altars:
Gozag
Kikubaaqudgha
Makhleb
Qazlal


Message History

Press: ? - help, Shift-Dir - straight line, f - ogre
Aim: an ogre, wielding a giant club The ogre is charmed.
This wand has 13 charges left.
Evoke which item? (* to show all) (? for menu, Esc to quit)
Okay, then.
You swap places.
Found a runed rapier.
Your ogre shouts, "Beware of monsters!"
You see here a runed rapier.
F - a runed rapier The ogre is no longer charmed.
The ogre is too close now for your liking.
You hit the ogre.
The ogre is lightly wounded.
The ogre hits you with a giant club!
You hit the ogre.
There is a sudden explosion of sparks!
The ogre is severely wounded.
The ogre hits you with a giant club!!
Ouch! That really hurt!
You die...

.# #...... .###
#.....# #.# ##....#
...## .......###..#
#...## ....#
........##.. ##.##
....# ........##.#
### ....#
...........# ..†.#
...........# ....#
#.........# ..#)#
#...@O..## #
.##.#### #####....#
# ###..#.####
#..### #
##......### ##..# #
##.........####..##
#
##............##..#
#
#.............##..#
#
..#...............#
###..........#...##


You could see an ogre.

Vanquished Creatures
  A hound (D:3)
  A bullfrog skeleton (D:4)
  A worker ant (D:4)
  7 adders
  2 oozes (D:2)
  An adder skeleton (D:4)
  A worm (D:2)
  A dart slug (D:2)
  2 leopard geckos
  18 orcs
  3 giant cockroaches
  11 goblins
  10 hobgoblins
  4 jackals (D:3)
  4 quokkas
  2 ball pythons
  9 bats
  6 frilled lizards
  9 kobolds
  12 rats
105 creatures vanquished.

Vanquished Creatures (collateral kills)
  An orc wizard (D:3)
1 creature vanquished.

Vanquished Creatures (others)
  An orc (D:4)
  A bush (D:1)
  A plant (D:1)
3 creatures vanquished.

Grand Total: 109 creatures vanquished

Notes
Turn   | Place    | Note
-------+----------+-------------------------------------------
     0 | D:1      | Chiseanne the High Elf Artificer began the quest for the Orb.
     0 | D:1      | Reached XP level 1. HP: 13/13 MP: 4/4
   258 | D:1      | Reached XP level 2. HP: 1/18 MP: 5/5
  1134 | D:1      | Reached XP level 3. HP: 24/24 MP: 6/6
  1385 | D:2      | Found a stormy altar of Qazlal.
  1635 | D:2      | Reached skill level 1 in Armour
  2122 | D:3      | Reached XP level 4. HP: 21/30 MP: 7/7
  2865 | D:3      | Found an ancient bone altar of Kikubaaqudgha.
  3130 | D:3      | Reached XP level 5. HP: 4/36 MP: 8/8
  3574 | D:3      | Found a burning altar of Makhleb.
  4508 | D:4      | Found an opulent altar of Gozag.
  4524 | D:4      | Reached skill level 4 in Evocations
  4753 | D:4      | Reached XP level 6. HP: 41/42 MP: 10/10
  4886 | D:4      | Slain by an ogre

Skill      XL: |  1  2  3  4  5 |
---------------+----------------+-----
Fighting       | 2 3 |  3.4
Armour         | 1 2 |  2.6
Dodging        | 3 |  3.7
Evocations     | 4 |  4.1
Short Blades   | |  1.2
Stealth        | |  1.1

Action                   |  1- 3 |  4- 6 || total
-------------------------+-------+-------++-------
Melee: Short sword       |   219 |   203 ||   422
       Dagger            |       |    41 ||    41
Evoke: Wand              |     1 |    18 ||    19
  Use: Scroll            |     7 |     4 ||    11
 Stab: Sleeping          |     2 |       ||     2
  Eat: Chunk             |     4 |     9 ||    13
Armor: Leather armour    |    19 |       ||    19
       Ring mail         |    87 |     2 ||    89
       Scale mail        |       |    95 ||    95
Dodge: Dodged            |   170 |   127 ||   297
